 Dungeon Crawl Stone Soup version 0.24.0-125-gc4c63601f3 (webtiles) character file.

Game seed: 11204103645799263991, levelgen mode: deterministic

157 FerusOlin the Ruffian (level 5, -1/60 HPs)
             Began as a Draconian Transmuter on Mar 20, 2020.
             Slain by a worker ant (2 damage)
             ... on level 5 of the Dungeon.
             The game lasted 00:27:08 (4535 turns).

FerusOlin the Ruffian (Draconian Transmuter)        Turns: 4535, Time: 00:27:09

Health: -1/60      AC: 22    Str: 13    XL:     5   Next: 15%
Magic:  9/9        EV:  2    Int: 14    God:
Gold:   86         SH:  0    Dex: 11    Spells: 9/10 levels left

rFire    . . .     SeeInvis .     - Unarmed
rCold    . . .     Gourm    .   (no shield)
rNeg     + + +     Faith    .   (armour unavailable)
rPois    +         Spirit   .   (helmet currently unavailable)
rElec    .         Reflect  .   (cloak currently unavailable)
rCorr    .         Harm     .   (gloves currently unavailable)
MR       .....     NoTele   +   (boots currently unavailable)
Stlth    +.........             (no amulet)
HPRegen  0.20/turn              g - ring of teleportation
MPRegen  0.11/turn              (no ring)

@: lethally poisoned (-1 -> -3), tree-form
A: unfitting armour, AC +5
a: no special abilities


You were on level 5 of the Dungeon.
You were not hungry.
You were a tree.
You visited 1 branch of the dungeon, and saw 5 of its levels.

You collected 86 gold pieces.

Inventory:

Hand Weapons
 e - a +0 dagger
 i - a +0 hand axe
 m - a +0 dagger
 n - a +0 war axe
 o - a +0 club
Missiles
 a - 35 arrows
 k - 21 bolts
Armour
 l - a +1 leather armour
Jewellery
 g - a ring of teleportation (left branch)
Scrolls
 f - 5 scrolls of remove curse
 h - 2 scrolls of identify
Comestibles
 c - 4 rations


   Skills:
 + Level 1.6 Fighting
 + Level 0.2 Short Blades
 + Level 2.7 Dodging
 + Level 0.6 Stealth
 + Level 3.7 Unarmed Combat
 + Level 3.0 Spellcasting
 + Level 2.9 Transmutations


You had 9 spell levels left.
You knew the following spells:

 Your Spells              Type           Power        Failure   Level  Hunger
a - Beastly Appendage     Tmut           ##....       6%          1    #......

Your spell library contained the following spells:

 Spells                   Type           Power        Failure   Level  Hunger
 Sticks to Snakes         Tmut           ##......     10%         2    ##.....
 Spider Form              Tmut/Pois      #.........   34%         3    ###....
 Ice Form                 Ice/Tmut       #.......     75%         4    #####..
 Blade Hands              Tmut           ##........   87%         5    ######.


Dungeon Overview and Level Annotations

Branches:
Dungeon (5/15)
 Temple: D:4-7

Altars:
The Shining One


Innate Abilities, Weirdness & Mutations

((Your plain brown scales are hard. (AC +5)))
You cannot fit into any form of body armour.
((You are cold-blooded and may be slowed by cold attacks.))


Message History

The worker ant bites you but does no damage.
The crimson imp hits you but does no damage.
The worker ant bites you but does no damage.
* * * LOW HITPOINT WARNING * * *
You feel sick.
The crimson imp hits you but does no damage.
The worker ant bites you but does no damage.
The worker ant bites you but does no damage.
The crimson imp hits you.
* * * LOW HITPOINT WARNING * * *
The worker ant barely misses you.
The crimson imp hits you but does no damage.
* * * LOW HITPOINT WARNING * * *
You feel sick.
The worker ant bites you but does no damage.
The crimson imp hits you but does no damage.
The worker ant bites you but does no damage.
The crimson imp hits you but does no damage.
The worker ant bites you.
You die...

# .. ... ....
#. .....
#...####......
#....5♣†...#
#...#a##...#
+. #s ..# +.
... #. ### ..
.. ..


You could see a worker ant, a crimson imp and a giant cockroach.

Vanquished Creatures
  3 gnolls
  A worker ant zombie (D:5)
  4 adders
  3 worms
  2 dart slugs (D:1)
  4 leopard geckos
  3 giant cockroaches (D:1)
  6 goblins
  8 hobgoblins
  4 jackals
  5 kobolds
  4 quokkas
  2 ball pythons
  5 bats
  A frilled lizard (D:1)
  11 rats
66 creatures vanquished.

Notes
Turn   | Place    | Note
-------+----------+-------------------------------------------
     0 | D:1      | FerusOlin the Draconian Transmuter began the quest for the
                  | Orb.
     0 | D:1      | Reached XP level 1. HP: 16/16 MP: 3/3
   401 | D:1      | Reached XP level 2. HP: 23/23 MP: 5/5
  1287 | D:1      | Reached XP level 3. HP: 28/28 MP: 4/6
  2677 | D:2      | Reached XP level 4. HP: 29/35 MP: 8/8
  3472 | D:3      | Found a glowing golden altar of the Shining One.
  4355 | D:4      | Noticed a +0 dagger
  4379 | D:5      | Entered Level 5 of the Dungeon
  4384 | D:5      | Reached XP level 5. HP: 14/40 MP: 7/9
  4529 | D:5      | HP: 3/60 [poisoned by a worker ant]
  4534 | D:5      | HP: 1/60 [poisoned by a worker ant]
  4535 | D:5      | Slain by a worker ant

Levels and vault maps discovered:
D:1:      moated_graveyard_arrival, layout_loops_corners
D:2:      layout_basic, first_ration
D:3:      layout_basic, tso_metal_star
D:4:      layout_basic, yredelemnul_altar_generic, dancing_weapons_uskayaw,
          lemuel_round_altar, serial_shops, shop_fountains
D:5:      layout_basic, minmay_temple_entry_nine_rooms

Skill      XL: |  1  2  3  4 |
---------------+-------------+-----
Dodging        | 2 |  2.7
Spellcasting   | 3 |  3.0
Fighting       | |  1.6
Short Blades   | |  0.2
Stealth        | |  0.6
Unarmed Combat | |  3.7
Transmutations | |  2.9

Action                   |  1- 3 |  4- 6 || total
-------------------------+-------+-------++-------
Melee: Dagger            |   160 |       ||   160
       Tailslap          |    14 |    14 ||    28
       Unarmed           |    45 |    97 ||   142
       Headbutt          |    10 |     8 ||    18
       Kick              |    10 |     6 ||    16
       Punch             |     3 |     1 ||     4
 Cast: Beastly Appendage |    21 |    12 ||    33
 Abil: End Transformatio |     1 |       ||     1
  Use: Potion            |     3 |     2 ||     5
       Scroll            |       |     4 ||     4
  Eat: Ration            |     2 |     2 ||     4
Armor: Skin              |    94 |    38 ||   132
Dodge: Dodged            |   166 |    71 ||   237
